 Dungeon Crawl Stone Soup version 0.31-a0-187-gba352fbbf7 (webtiles) character file.

Game seed: 3881913017357779119

644 qw the Skirmisher (level 7, -6/38 (40) HPs)
             Began as a Deep Elf Hunter on June 22, 2023.
             Was an Initiate of Okawaru.
             Mangled by a wight
             ... wielding a +0 long sword
              (9 damage)
             ... on level 5 of the Dungeon.
             The game lasted 00:01:25 (3861 turns).

qw the Skirmisher (Deep Elf Hunter)                 Turns: 3861, Time: 00:01:25

HP:   -6/38 (40)    AC: 10    Str: 10      XL:     7   Next: 26%
MP:   9/9           EV: 11    Int: 12 (14) God:    Okawaru [......]
Gold: 134           SH:  0    Dex: 17 (18) Spells: 6/6 levels left

rFire   . . .        Y - +1 shortbow (elec)
rCold   . . .        (shield currently unavailable)
rNeg    . . .        c - +0 ring mail
rPois   .            g - +1 hat
rElec   +            (no cloak)
rCorr   .            (no gloves)
SInv    .            (no boots)
Will    .....        (no amulet)
Stlth   +            f - +4 ring of protection
HPRegen 0.26/turn    (no ring)
MPRegen 0.11/turn

%: clarity
@: about to teleport, drained
A: clarity, electricity resistance, MP-powered wands
a: Renounce Religion


You were on level 5 of the Dungeon.
You worshipped Okawaru.
Okawaru was noncommittal.
You visited 1 branch of the dungeon, and saw 5 of its levels.
You also visited: Sewer.

You collected 134 gold pieces.


Innate Abilities, Weirdness & Mutations

You possess an exceptional clarity of mind.
You are resistant to electric shocks. (rElec)
You expend magic power (3 MP) to strengthen your wands.


   Skills:
 - Level 2.0 Fighting
 + Level 11.2 Ranged Weapons
 - Level 3.2 Dodging
 - Level 1.2 Stealth


You had 6 spell levels left.
You didn't know any spells.
Your spell library was empty.

Inventory:

Hand Weapons
 Y - a +1 shortbow of electrocution (weapon)
Armour
 c - a +0 ring mail (worn)
 g - a +1 hat (worn)
Jewellery
 f - a +4 ring of protection (left hand)
Scrolls
 e - a scroll of identify
 h - 5 scrolls of teleportation
Potions
 a - a potion of resistance
 b - a potion of might
 d - 2 potions of mutation
 i - a potion of enlightenment

Dungeon Overview and Level Annotations

Branches:
Dungeon (5/15)              Sewer (visited)
 Temple: D:4-7

Altars:
Ashenzari
Cheibriados
Fedhas
Kikubaaqudgha
Okawaru
Wu Jian


Message History

You shoot an arrow. The arrow hits the wight!
The wight is severely damaged.
A wight comes into view. It is wielding a +0 long sword.
You shoot an arrow.
The arrow hits the wight but does no damage.
You shoot an arrow.
The arrow hits the wight but does no damage.
The wight is severely damaged.
The wight barely misses you.
You shoot an arrow. The arrow barely misses the wight.
You shoot an arrow. The arrow closely misses the wight.
The wight hits you with a +0 dire flail!
The wight closely misses you.
You shoot an arrow. The arrow closely misses the wight.
The wight hits you but does no damage.
The wight hits you with a +0 long sword!
You shoot an arrow. The arrow barely misses the wight.
The wight completely misses you. The wight misses you.
You shoot an arrow. The arrow hits the wight!
You destroy the wight!
Okawaru accepts your kill.
The wight hits you with a +0 long sword.
You feel drained.
Your life force feels restored.
Your Ranged Weapons skill increases to level 11!
You shoot an arrow. The arrow closely misses the wight.
The wight barely misses you.
You shoot an arrow. The arrow barely misses the wight.
The wight barely misses you.
You shoot an arrow. The arrow closely misses the wight.
The wight hits you with a +0 long sword.
You feel drained.
3860 ||| READING 6 scrolls of teleportation.
As you read the scroll of teleportation, it crumbles to dust.
You feel strangely unstable.
The wight hits you with a +0 long sword.
You feel drained.
You shoot an arrow. The arrow closely misses the wight.
The wight hits you with a +0 long sword!
You die...

#.##..}...}..#
#.....
#.###..._...##
#..... #.#
##.....##
##.... #.#
####### #...#
#.# #...#
#)#########
......
#......>...
...###
#...######
#...@)#
#..##z# #...
... #.###)#...
#.. .#...[.
### .# ..## ##
.# .#


You could see a wight.

Vanquished Creatures
  2 phantoms (D:5)
  A scorpion (D:5)
  4 wights (D:5)
  A hound (D:4)
  An orc wizard (D:4)
  A gnoll (D:1)
  5 adders
  A river rat (Sewer)
  A white imp (D:5)
  An ufetubus (D:4)
  3 worms
  A dart slug (D:2)
  6 orcs
  11 ball pythons
  9 bats
  7 endoplasms
  5 giant cockroaches
  6 hobgoblins
  4 jackals
  3 quokkas (D:2)
  5 frilled lizards
  5 goblins
  6 kobolds
  21 rats
110 creatures vanquished.

Notes
Turn   | Place    | Note
-------+----------+-------------------------------------------
     0 | D:1      | qw the Deep Elf Hunter began the quest for the Orb.
     0 | D:1      | Reached XP level 1. HP: 12/12 MP: 3/3
     0 | D:1      | 0 ||| qw: Version: 0.3-a-9-g12657ce
     0 | D:1      | 0 ||| qw: Game counter: 2435
     0 | D:1      | 0 ||| qw: Always use a shield: true
     0 | D:1      | 0 ||| qw: God list: Okawaru
     0 | D:1      | 0 ||| qw: Allow faded altars: false
     0 | D:1      | 0 ||| qw: Do Orc after D:15 true
     0 | D:1      | 0 ||| qw: Do second Lair branch before Depths: true
     0 | D:1      | 0 ||| qw: Lair rune preference: random
     0 | D:1      | 0 ||| qw: Plans: Normal
     0 | D:1      | 0 ||| PLANNING D:1-11
   151 | D:1      | Reached XP level 2. HP: 16/16 MP: 4/4
   225 | D:1      | Reached skill level 6 in Ranged Weapons
   304 | D:1      | 304 ||| FLEEEEING.
   305 | D:1      | 305 ||| FLEEEEING.
   306 | D:1      | 306 ||| FLEEEEING.
   307 | D:1      | 307 ||| FLEEEEING.
   308 | D:1      | 308 ||| FLEEEEING.
   309 | D:1      | 309 ||| FLEEEEING.
   310 | D:1      | 310 ||| FLEEEEING.
   311 | D:1      | 311 ||| FLEEEEING.
   312 | D:1      | 312 ||| FLEEEEING.
   313 | D:1      | 313 ||| FLEEEEING.
   314 | D:1      | 314 ||| FLEEEEING.
   315 | D:1      | 315 ||| FLEEEEING.
   316 | D:1      | 316 ||| FLEEEEING.
   317 | D:1      | 317 ||| FLEEEEING.
   318 | D:1      | 318 ||| FLEEEEING.
   319 | D:1      | 319 ||| FLEEEEING.
   320 | D:1      | 320 ||| FLEEEEING.
   321 | D:1      | 321 ||| FLEEEEING.
   322 | D:1      | 322 ||| FLEEEEING.
   323 | D:1      | 323 ||| FLEEEEING.
   324 | D:1      | 324 ||| FLEEEEING.
   364 | D:1      | Reached XP level 3. HP: 20/20 MP: 5/5
  1065 | D:1      | 1065 ||| UPGRADING to +0 scale mail.
  1075 | D:1      | 1075 ||| DROPPING +0 leather armour.
  1076 | D:1      | 1076 ||| UPGRADING to +4 ring of protection.
  1077 | D:1      | 1077 ||| READING scroll labelled OHALOR FOHAETA.
  1078 | D:1      | 1078 ||| READING 2 scrolls labelled RYRENK BAWUI.
  1079 | D:1      | 1079 ||| READING scroll labelled AVODGH TEPHIN HUMI.
  1080 | D:1      | 1080 ||| READING 2 scrolls labelled TUIVO CASTRUD.
  1084 | D:1      | 1084 ||| DROPPING scroll of butterflies.
  1190 | D:2      | Reached skill level 7 in Ranged Weapons
  1510 | D:2      | Reached XP level 4. HP: 25/25 MP: 6/6
  1877 | D:2      | 1877 ||| READING 3 scrolls of identify.
  1877 | D:2      | 1877 ||| IDENTIFYING cyan potion
  1878 | D:2      | 1878 ||| READING 2 scrolls of identify.
  1878 | D:2      | 1878 ||| IDENTIFYING golden potion
  2063 | D:3      | Reached skill level 8 in Ranged Weapons
  2328 | D:3      | 2328 ||| READING scroll labelled QENYJA ULUBO.
  2329 | D:3      | 2329 ||| READING scroll labelled NOTZUN CITZUNG.
  2360 | D:4      | 2360 ||| PLANNING SEWER
  2393 | D:4      | Reached XP level 5. HP: 29/29 MP: 7/7
  2459 | D:4      | Found a glowing drain.
  2469 | Sewer    | Entered a sewer
  2483 | Sewer    | Reached skill level 9 in Ranged Weapons
  2743 | Sewer    | 2743 ||| Stepping ~*~*~tactically~*~*~ (water).
  2783 | Sewer    | 2783 ||| READING scroll labelled COPNEPN IHAIZ.
  2784 | Sewer    | 2784 ||| READING scroll labelled UKICANGEQU.
  2785 | Sewer    | 2785 ||| DRINKING 2 smoky sapphire potions.
  2785 | Sewer    | Gained mutation: You possess an exceptional clarity of
                  | mind. [potion of mutation]
  2785 | Sewer    | Gained mutation: You expend magic power (3 MP) to
                  | strengthen your wands. [potion of mutation]
  2785 | Sewer    | Gained mutation: You are resistant to electric shocks.
                  | (rElec) [potion of mutation]
  2786 | Sewer    | 2786 ||| DRINKING 2 sapphire potions.
  2787 | Sewer    | 2787 ||| READING 2 scrolls of identify.
  2787 | Sewer    | 2787 ||| IDENTIFYING grey potion
  2788 | Sewer    | 2788 ||| DROPPING potion of brilliance.
  2789 | Sewer    | 2789 ||| DROPPING potion of attraction.
  2826 | D:4      | 2826 ||| PLANNING D:1-11
  3575 | D:4      | 3575 ||| UPGRADING to +0 ring mail.
  3585 | D:4      | 3585 ||| UPGRADING to +1 hat.
  3590 | D:4      | 3590 ||| DROPPING +0 scale mail.
  3591 | D:4      | 3591 ||| DRINKING 2 viscous inky potions.
  3592 | D:4      | 3592 ||| READING 3 scrolls of identify.
  3592 | D:4      | 3592 ||| IDENTIFYING red potion
  3593 | D:4      | 3593 ||| READING 2 scrolls of identify.
  3593 | D:4      | 3593 ||| IDENTIFYING dark potion
  3594 | D:4      | 3594 ||| DROPPING potion of ambrosia.
  3595 | D:4      | 3595 ||| DROPPING potion of degeneration.
  3634 | D:5      | Entered Level 5 of the Dungeon
  3658 | D:5      | Reached XP level 6. HP: 35/35 MP: 8/8
  3679 | D:5      | Found a broken altar of Ashenzari.
  3679 | D:5      | Found an ornate altar of the Wu Jian Council.
  3684 | D:5      | Found a snail-covered altar of Cheibriados.
  3687 | D:5      | Found a blossoming altar of Fedhas.
  3692 | D:5      | Found an iron altar of Okawaru.
  3693 | D:5      | 3693 ||| PLANNING OKAWARU WORSHIP
  3697 | D:5      | Found an ancient bone altar of Kikubaaqudgha.
  3702 | D:5      | Reached skill level 10 in Ranged Weapons
  3703 | D:5      | Became a worshipper of Warmaster Okawaru
  3704 | D:5      | 3704 ||| PLANNING D:1-11
  3725 | D:5      | Reached skill level 3 in Dodging
  3732 | D:5      | Reached XP level 7. HP: 11/40 MP: 9/9
  3857 | D:5      | Reached skill level 11 in Ranged Weapons
  3859 | D:5      | HP: 9/40 [wight/+0 long sword (6)]
  3860 | D:5      | 3860 ||| READING 6 scrolls of teleportation.
  3860 | D:5      | HP: 3/38 [wight/+0 long sword (2)]
  3861 | D:5      | Mangled by a wight

Levels and vault maps discovered:
D:1:      lemuel_arrival_cross, layout_basic
D:2:      layout_basic
D:3:      layout_rooms, fountainhead
D:4:      layout_basic, cheibrodos_sewer_entry_sluice
D:5:      layout_basic, nicolae_overflow_hallway_of_the_gods,
          mainiacjoe_overflow_concentric_impassable,
          minmay_temple_entry_enclosed_plants

Skill      XL: |  1  2  3  4  5  6  7 |
---------------+----------------------+-----
Ranged Weapons | 6 7 8 9 10 11 | 11.2
Fighting       | 2 |  2.0
Dodging        | 3 |  3.2
Stealth        | |  1.2

Action                     |  1- 3 |  4- 6 |  7- 9 || total
---------------------------+-------+-------+-------++-------
   Fire: Shortbow          |   123 |   163 |    15 ||   301
    Use: Scroll            |     4 |     9 |     1 ||    14
         Potion            |       |     3 |       ||     3
 Armour: Leather armour    |     5 |       |       ||     5
         Scale mail        |    13 |    45 |       ||    58
         Ring mail         |       |       |     1 ||     1
  Dodge: Dodged            |    28 |    38 |     6 ||    72

Table legend:
 A = Non-vault XP
 B = Vault XP
 C = Vault XP percentage of total XP
 D = Non-vault monster count
 E = Vault monster count
 F = Vault count percentage of total count
                 A         B        C        D         E       F
            +---------+---------+-------+---------+---------+-------
      Total |     877 |      43 |   4.7 |      87 |      23 |  20.9
            +---------+---------+-------+---------+---------+-------
        D:1 |      58 |       0 |   0.0 |      29 |       0 |   0.0
        D:2 |      46 |       0 |   0.0 |      24 |       0 |   0.0
        D:3 |      81 |       0 |   0.0 |      17 |       0 |   0.0
        D:4 |      92 |       8 |   8.0 |       8 |       3 |  27.3
        D:5 |     600 |       0 |   0.0 |       9 |       0 |   0.0
      Sewer |       0 |      35 | 100.0 |       0 |      20 | 100.0
            +---------+---------+-------+---------+---------+-------
